 Dungeon Crawl Stone Soup version 0.27-a0-1180-g7fc4abc71e (webtiles) character file.

Game seed: 3762371803473641699

46 DasRunzen the Slasher (level 3, -2/29 HPs)
             Began as a Demigod Gladiator on May 17, 2021.
             Slain by a scorpion (5 damage)
             ... on level 2 of the Dungeon.
             The game lasted 00:02:07 (1712 turns).

DasRunzen the Slasher (Demigod Gladiator)           Turns: 1712, Time: 00:02:08

Health: -2/29      AC:  4    Str: 15    XL:     3   Next: 26%
Magic:  5/5        EV: 12    Int: 14    God:
Gold:   82         SH:  0    Dex: 15    Spells: 2/2 levels left

rFire    . . .     SeeInvis .   a - +0 long sword
rCold    . . .     Faith    .   (no shield)
rNeg     . . .     Spirit   .   b - +0 leather armour
rPois    .         Reflect  .   c - +0 helmet
rElec    .         Harm     .   (no cloak)
rCorr    .         Rampage  .   (no gloves)
Will     .....                  (no boots)
Stlth    +.........             (no amulet)
HPRegen  0.09/turn              (no ring)
MPRegen  0.09/turn              (no ring)

@: lethally poisoned (-2 -> -13)
A: high mp 1, forlorn
a: no special abilities


You were on level 2 of the Dungeon.
You visited 1 branch of the dungeon, and saw 3 of its levels.

You collected 82 gold pieces.

Inventory:

Hand Weapons
 a - a +0 long sword (weapon)
Missiles
 d - 3 throwing nets (quivered)
Armour
 b - a +0 leather armour (worn)
 c - a +0 helmet (worn)
Wands
 g - a wand of paralysis (7)
Scrolls
 h - a scroll of immolation {unknown}
 i - a scroll of identify {unknown}
 j - a scroll of fear
Potions
 e - a potion of curing {unknown}
 f - 2 potions of cancellation {unknown}


   Skills:
 + Level 2.3 Fighting
 + Level 3.1 Long Blades
 - Level 1.7 Throwing
 + Level 1.1 Armour
 + Level 3.1 Dodging


You had 2 spell levels left.
You didn't know any spells.
Your spell library was empty.

Dungeon Overview and Level Annotations

Branches:
Dungeon (3/15)


Innate Abilities, Weirdness & Mutations

Your attributes grow dramatically as you level up.
You have an increased reservoir of magic. (+10% MP)
You shall have no god before yourself.


Message History

No target in view!
j - a scroll of fear A goblin comes into view.
It is wielding a +0 club.
A goblin is nearby!
Found a stone staircase leading up.
You closely miss the goblin. The goblin closely misses you.
The goblin hits you with a +0 club.
You closely miss the goblin. The goblin hits you with a +0 club.
You slash the goblin!
You kill the goblin!
No target in view!
Found a ring mail.
You now have 70 gold pieces (gained 13).
f - 2 blue potions (gained 1)
You now have 82 gold pieces (gained 12).
A scorpion comes into view.
The scorpion misses you.
You completely miss the scorpion. The scorpion closely misses you.
You hit the scorpion but do no damage. The scorpion stings you!
The scorpion stings you.
You are poisoned.
The scorpion poisons you!
You closely miss the scorpion.
You feel very sick. The scorpion stings you.
You are too injured to fight recklessly!
You are too injured to fight recklessly!
You completely miss the scorpion.
You feel sick. The scorpion stings you.
You are lethally poisoned!
The scorpion poisons you!
The scorpion stings you but does no damage.
You barely miss the scorpion.
* * * LOW HITPOINT WARNING * * *
You feel very sick. The scorpion barely misses you.
You hit the scorpion but do no damage.
* * * LOW HITPOINT WARNING * * *
You feel very sick. The scorpion stings you.
You die...

### ####### ##.#
#.....# #..# #.s...#
#..# #@....#
#########..####.....#
....................#
..#.....#..##........#
..............##.....#
..........######.....#
..........# #.....#
..........# #.....#
.....<....# #######


You could see a scorpion.

Vanquished Creatures
  An adder (D:2)
  A dart slug (D:1)
  3 endoplasms
  2 hobgoblins (D:1)
  3 kobolds
  3 quokkas (D:1)
  6 ball pythons
  4 bats
  3 frilled lizards
  4 goblins
  5 rats
35 creatures vanquished.

Vanquished Creatures (others)
  A demonic plant (D:1)
  A plant (D:1)
2 creatures vanquished.

Grand Total: 37 creatures vanquished

Notes
Turn   | Place    | Note
-------+----------+-------------------------------------------
     0 | D:1      | DasRunzen the Demigod Gladiator began the quest for the
                  | Orb.
     0 | D:1      | Reached XP level 1. HP: 17/17 MP: 3/3
   330 | D:1      | Reached XP level 2. HP: 19/24 MP: 4/4
  1165 | D:2      | Reached skill level 1 in Armour
  1168 | D:2      | You fall into a shaft and drop 1 floor!
  1499 | D:2      | Reached XP level 3. HP: 27/29 MP: 5/5
  1704 | D:2      | Noticed a scorpion
  1712 | D:2      | Slain by a scorpion

Illustrated notes

Levels and vault maps discovered:
D:1:      amcnicky_arrival_flooded_fountain, layout_loops_ring,
          shapermc_ecumenical_altar_gd, moated_statue
D:2:      layout_rooms, basic_altar, corner_web_ring
D:3:      layout_rooms, amcnicky_mini_rare_corridor_liquid, grunt_ministairs_2,
          kennysheep_minor_cross, uniq_grinder

Skill      XL: |  1  2 |
---------------+-------+-----
Fighting       | 2 |  2.3
Dodging        | 3 |  3.1
Long Blades    | 3 |  3.1
Armour         | 1 |  1.1
Throwing       | |  1.7

Action                   || total
-------------------------++-------
Melee: Long sword        ||    81
  Use: Scroll            ||     2
Armor: Leather armour    ||    16
Dodge: Dodged            ||    66
       Rpst.: Long sword ||    22

Table legend: (Time is in decaauts)
 A = Elapsed time spent in this place.
 B = Non-inter-level travel time spent in this place.
 C = Inter-level travel time spent in this place.
 D = Time resting spent in this place.
 E = Time spent auto-exploring this place.
 F = Levels seen in this place.
 G = Mean time per level.
                   A        B        C        D        E       F      G
               +--------+--------+--------+--------+--------+-----+--------+
         Total |   1732 |   1719 |     13 |    391 |   1089 |   3 |  577.3 |
       Dungeon |   1732 |   1719 |     13 |    391 |   1089 |   3 |  577.3 |
               +--------+--------+--------+--------+--------+-----+--------+

Top non-repeatable levels by time:
     D:1: 1156 daAuts
     D:2: 563 daAuts
     D:3: 12 daAuts
